 Dungeon Crawl Stone Soup version 0.31.0-11-ge490571c62 (webtiles) character file.

Game seed: 15724749866678748135

42 qw the Shooter (level 3, -2/20 HPs)
             Began as a Deep Elf Hunter on Feb 3, 2024.
             Slain by Terence
             ... wielding a +0 hand axe
              (3 damage)
             ... on level 2 of the Dungeon.
             The game lasted 00:00:02 (908 turns).

qw the Shooter (Deep Elf Hunter)                     Turns: 908, Time: 00:00:03

Health: -2/20      AC:  6    Str:  8    XL:     3   Next: 33%
Magic:  5/5        EV:  8    Int: 13    God:
Gold:   56         SH:  0    Dex: 18    Spells: 2/2 levels left

rFire   . . .        a - +0 shortbow
rCold   . . .        (shield currently unavailable)
rNeg    . . .        d - +0 scale mail
rPois   .            (no helmet)
rElec   .            (no cloak)
rCorr   .            (no gloves)
SInv    .            (no boots)
Will    .....        (no amulet)
Stlth   +            (no ring)
HPRegen 0.23/turn    (no ring)
MPRegen 0.09/turn

%: no passive effects
@: no status effects
A: weak 1
a: no special abilities


You were on level 2 of the Dungeon.
You visited 1 branch of the dungeon, and saw 2 of its levels.

You collected 56 gold pieces.


Innate Abilities, Weirdness & Mutations

You are weak. (Str -2)


   Skills:
 - Level 1.5 Fighting
 + Level 6.9 Ranged Weapons
 - Level 2.4 Dodging
 - Level 1.2 Stealth


You had 2 spell levels left.
You didn't know any spells.
Your spell library was empty.

Inventory:

Hand Weapons
 a - a +0 shortbow (weapon)
Armour
 d - a +0 scale mail (worn)
Jewellery
 c - an amulet of guardian spirit
Scrolls
 b - 2 scrolls of identify
Potions
 f - 2 potions of mutation

Dungeon Overview and Level Annotations

Branches:
Dungeon (2/15)

Altars:

Annotations:
D:2 Terence


Message History

You feel sick. x5
You are no longer poisoned.
HP restored.
b - 2 scrolls of identify (gained 1) Terence the Incautious comes into view.
He is wielding a +0 hand axe.
Found a scroll of identify.
Terence shouts!
You hear an angry hiss.
You shoot an arrow. The arrow hits Terence.
Terence is lightly wounded.
You shoot an arrow. The arrow completely misses Terence.
Terence hits you with a +0 hand axe. x2
You shoot an arrow. The arrow barely misses Terence.
Terence hits you with a +0 hand axe.
You shoot an arrow.
The arrow hits Terence but does no damage.
Terence is lightly wounded.
Terence hits you with a +0 hand axe.
You shoot an arrow.
The arrow hits Terence but does no damage.
Terence is lightly wounded.
Terence closely misses you. Terence completely misses you.
You shoot an arrow.
The arrow hits Terence but does no damage.
Terence is lightly wounded.
Terence hits you but does no damage.
You shoot an arrow. The arrow hits Terence.
Terence is lightly wounded.
Terence hits you with a +0 hand axe. Terence hits you but does no damage.
You shoot an arrow. The arrow barely misses Terence.
Terence closely misses you.
You shoot an arrow. The arrow hits Terence.
Terence is lightly wounded.
Terence hits you but does no damage.
You shoot an arrow. The arrow hits Terence!
Terence is heavily wounded.
Terence barely misses you. Terence hits you with a +0 hand axe.
You shoot an arrow. The arrow closely misses Terence.
Terence hits you with a +0 hand axe.
You die...
Terence says, "That felt goooood."

.. .................
.... ###...........
..# .$.##^.......#..#
...
................#####.
...............%...##
#.#.......%##.###.##
#.#........##.# #...
#.@.........#.##..#.
###@........#.<..###
#.........#.###
#...........#
#.$...........
..#...........
..##......... .#
#........ ?......


You could see Terence.

Vanquished Creatures
  2 adders (D:2)
  2 endoplasms (D:1)
  A giant cockroach (D:2)
  2 goblins (D:1)
  3 hobgoblins (D:1)
  A ball python (D:1)
  3 bats (D:1)
  2 frilled lizards (D:1)
  3 kobolds (D:1)
  5 rats
24 creatures vanquished.

Notes
Turn   | Place    | Note
-------+----------+-------------------------------------------
     0 | D:1      | qw the Deep Elf Hunter began the quest for the Orb.
     0 | D:1      | Reached XP level 1. HP: 12/12 MP: 3/3
     0 | D:1      | 0 ||| qw: Version: 0.3-a-157-g843a77d
     0 | D:1      | 0 ||| qw: Game counter: 3953
     0 | D:1      | 0 ||| qw: Melee chars always use a shield: true
     0 | D:1      | 0 ||| qw: God list: Okawaru
     0 | D:1      | 0 ||| qw: Allow faded altars: false
     0 | D:1      | 0 ||| qw: Do Orc after clearing Dungeon:15 true
     0 | D:1      | 0 ||| qw: Do second Lair branch before Depths: true
     0 | D:1      | 0 ||| qw: Lair rune preference: random
     0 | D:1      | 0 ||| qw: Goals: Normal
     0 | D:1      | 0 ||| PLANNING D:1-11
   123 | D:1      | Reached skill level 6 in Ranged Weapons
   123 | D:1      | Reached XP level 2. HP: 16/16 MP: 4/4
   688 | D:1      | 688 ||| UPGRADING to +0 scale mail.
   698 | D:1      | 698 ||| DROPPING +0 leather armour.
   699 | D:1      | 699 ||| READING scroll labelled DIAHEUN PISESM.
   727 | D:1      | 727 ||| READING scroll labelled ILUS ODATOSM.
   727 | D:1      | 727 ||| IDENTIFYING fizzy golden potion
   728 | D:1      | 728 ||| READING scroll labelled FUHEBI COTOSUZ.
   729 | D:1      | 729 ||| DRINKING 3 fuming clear potions.
   729 | D:1      | Gained mutation: You are weak. (Str -2) [potion of
                  | mutation]
   730 | D:1      | 730 ||| DROPPING scroll of butterflies.
   731 | D:1      | 731 ||| DROPPING potion of lignification.
   826 | D:2      | Reached XP level 3. HP: 20/20 MP: 5/5
   897 | D:2      | Noticed Terence
   904 | D:2      | HP: 1/20 [Terence/+0 hand axe (6)]
   908 | D:2      | Slain by Terence

Levels and vault maps discovered:
D:1:      eino_arrival_cavern_a, layout_basic, serial_forest,
          infiniplex_forest_straight_2, infiniplex_forest_clump_small,
          infiniplex_forest_end_3, infiniplex_forest_end_3,
          infiniplex_forest_clump_C, infiniplex_forest_lined_room_3,
          infiniplex_forest_clump_long, infiniplex_forest_straight_5,
          kennysheep_nondescript
D:2:      layout_rooms, uniq_natasha, uniq_sigmund, uniq_terence

Skill      XL: |  1 |
---------------+----+-----
Ranged Weapons | 6 |  6.9
Fighting       | |  1.5
Dodging        | |  2.4
Stealth        | |  1.2

Action                     || total
---------------------------++-------
   Fire: Shortbow          ||    80
    Use: Scroll            ||     3
         Potion            ||     1
 Armour: Leather armour    ||    11
         Scale mail        ||    20
  Dodge: Dodged            ||    20

Table legend:
 A = Non-vault XP
 B = Vault XP
 C = Vault XP percentage of total XP
 D = Non-vault monster count
 E = Vault monster count
 F = Vault count percentage of total count
                 A         B        C        D         E       F
            +---------+---------+-------+---------+---------+-------
      Total |      60 |       0 |   0.0 |      24 |       0 |   0.0
            +---------+---------+-------+---------+---------+-------
        D:1 |      31 |       0 |   0.0 |      20 |       0 |   0.0
        D:2 |      29 |       0 |   0.0 |       4 |       0 |   0.0
            +---------+---------+-------+---------+---------+-------
